 Dungeon Crawl Stone Soup version 0.31-a0-640-g39d97e502b (webtiles) character file.

Game seed: 17242639405708153621

31 qw the Shooter (level 3, 0/22 HPs)
             Began as a Gargoyle Hunter on Aug 27, 2023.
             Slain by a quokka (1 damage)
             ... on level 2 of the Dungeon.
             The game lasted 00:00:25 (750 turns).

qw the Shooter (Gargoyle Hunter)                     Turns: 750, Time: 00:00:25

Health: 0/22       AC:  8    Str: 14    XL:     3   Next: 22%
Magic:  3/3        EV: 10    Int:  9    God:
Gold:   71         SH:  0    Dex: 15    Spells: 2/2 levels left

rFire   . . .        Y - +0 shortbow
rCold   . . .        (shield currently unavailable)
rNeg    + . .        m - +0 ring mail
rPois   inf          (no helmet)
rElec   +            (no cloak)
rCorr   .            (no gloves)
SInv    .            (no boots)
Will    .....        (no amulet)
Stlth   +            (no ring)
HPRegen 0.23/turn    (no ring)
MPRegen 0.08/turn

%: no passive effects
@: no status effects
A: sickness immunity, AC +3, negative energy resistance 1, electricity
resistance, torment resistance 1, petrification resistance
a: no special abilities


You were on level 2 of the Dungeon.
You visited 1 branch of the dungeon, and saw 2 of its levels.

You collected 71 gold pieces.


Innate Abilities, Weirdness & Mutations

You are immune to sickness and miasma.
Your stone body is resilient. (AC +3)
You are immune to poison.
You resist negative energy. (rN+)
You are resistant to electric shocks. (rElec)
You are resistant to unholy torment.
You are immune to petrification.


   Skills:
 - Level 2.3 Fighting
 - Level 5.0 Ranged Weapons
 + Level 0.0 Armour
 - Level 1.5 Dodging
 - Level 1.1 Stealth


You had 2 spell levels left.
You didn't know any spells.
Your spell library was empty.

Inventory:

Hand Weapons
 Y - a +0 shortbow (weapon)
Armour
 m - a +0 ring mail (worn)
Potions
 a - a potion of berserk rage {unknown}
 e - a potion of curing {unknown}
 g - a potion of haste {unknown}
 l - a potion of magic {unknown}
 n - a potion of resistance

Dungeon Overview and Level Annotations

Branches:
Dungeon (2/15)

Altars:

Annotations:
D:2 Terence


Message History

The quokka closely misses you.
You shoot an arrow. The arrow closely misses Terence.
Terence hits you but does no damage. The quokka barely misses you.
Terence hits you but does no damage.
You shoot an arrow. The arrow barely misses Terence.
The quokka closely misses you. Terence hits you with a +0 falchion.
The quokka bites you but does no damage.
You shoot an arrow.
The arrow hits Terence but does no damage.
Terence is heavily wounded.
The quokka bites you but does no damage.
Terence barely misses you.
You shoot an arrow. The arrow hits Terence.
Terence is heavily wounded.
The quokka bites you but does no damage.
Terence misses you. The quokka misses you.
You shoot an arrow.
The arrow hits Terence but does no damage.
Terence is heavily wounded.
Terence barely misses you. The quokka completely misses you.
Terence hits you with a +0 falchion.
You shoot an arrow.
The arrow hits Terence but does no damage.
Terence is heavily wounded.
The quokka closely misses you. The quokka bites you.
Terence hits you with a +0 falchion.
You shoot an arrow.
The arrow hits Terence but does no damage.
Terence is heavily wounded.
The quokka bites you but does no damage.
Terence hits you with a +0 falchion.
You shoot an arrow. The arrow hits Terence.
Terence is heavily wounded.
The quokka misses you. Terence hits you with a +0 falchion.
The quokka bites you but does no damage.
You shoot an arrow.
The arrow hits Terence but does no damage.
Terence is heavily wounded.
Terence barely misses you. The quokka bites you.
You die...

. .. #. ..
# #$##.###
#.#......
#........
.. .....K#
#.# #r@r#
... #@###
#.# #...#
#.#
###.####.#
#......#
#####..#
#<..#..#
#......#
#...#.##
#####.#


You could see Terence, 2 quokkas and a kobold.

Vanquished Creatures
  A dart slug (D:1)
  3 ball pythons (D:1)
  3 endoplasms (D:1)
  2 giant cockroaches (D:1)
  4 goblins (D:1)
  2 hobgoblins (D:1)
  4 quokkas (D:1)
  A frilled lizard (D:1)
  2 kobolds (D:1)
  3 rats (D:1)
25 creatures vanquished.

Notes
Turn   | Place    | Note
-------+----------+-------------------------------------------
     0 | D:1      | qw the Gargoyle Hunter began the quest for the Orb.
     0 | D:1      | Reached XP level 1. HP: 12/12 MP: 1/1
     0 | D:1      | 0 ||| qw: Version: 0.3-a-74-g0d5e918
     0 | D:1      | 0 ||| qw: Game counter: 108
     0 | D:1      | 0 ||| qw: Melee chars always use a shield: true
     0 | D:1      | 0 ||| qw: God list: Okawaru
     0 | D:1      | 0 ||| qw: Allow faded altars: false
     0 | D:1      | 0 ||| qw: Do Orc after clearing Dungeon:15 true
     0 | D:1      | 0 ||| qw: Do second Lair branch before Depths: true
     0 | D:1      | 0 ||| qw: Lair rune preference: random
     0 | D:1      | 0 ||| qw: Goals: Normal
     0 | D:1      | 0 ||| PLANNING D:1-11
    59 | D:1      | Reached XP level 2. HP: 17/17 MP: 2/2
   340 | D:1      | 340 ||| Stepping ~*~*~tactically~*~*~ (outnumbered).
   350 | D:1      | Reached XP level 3. HP: 17/21 MP: 3/3
   401 | D:1      | Reached skill level 5 in Ranged Weapons
   663 | D:1      | 663 ||| UPGRADING to +0 ring mail.
   673 | D:1      | 673 ||| DROPPING +0 leather armour.
   674 | D:1      | 674 ||| DROPPING +6 ring of intelligence.
   675 | D:1      | 675 ||| READING scroll labelled DADA DUSKIXKE.
   676 | D:1      | 676 ||| READING scroll labelled NIDIAP QILA.
   677 | D:1      | 677 ||| READING scroll labelled KIYDUP GYPSUM.
   680 | D:1      | 680 ||| READING scroll labelled WYFOBR RATO.
   681 | D:1      | 681 ||| DRINKING 2 sapphire potions.
   682 | D:1      | 682 ||| DRINKING 2 bubbling emerald potions.
   683 | D:1      | 683 ||| DROPPING scroll of butterflies.
   728 | D:2      | Noticed Terence
   739 | D:2      | HP: 5/22 [Terence/+0 falchion (1)]
   740 | D:2      | 740 ||| DRINKING potion of heal wounds.
   747 | D:2      | HP: 5/22 [Terence/+0 falchion (4)]
   749 | D:2      | HP: 1/22 [Terence/+0 falchion (2)]
   750 | D:2      | Slain by a quokka

Levels and vault maps discovered:
D:1:      sevenhm_arrival_forest_fort_small_3, layout_rooms, st_stairs_13,
          minmay_indecisive_spiral
D:2:      layout_basic, basic_altar, uniq_terence

Skill      XL: |  1  2  3 |
---------------+----------+-----
Ranged Weapons | 5 |  5.0
Fighting       | |  2.3
Dodging        | |  1.5
Stealth        | |  1.1

Action                     || total
---------------------------++-------
   Fire: Shortbow          ||   108
    Use: Scroll            ||     4
         Potion            ||     3
 Armour: Leather armour    ||    22
         Ring mail         ||     8
  Dodge: Dodged            ||    42

Table legend:
 A = Non-vault XP
 B = Vault XP
 C = Vault XP percentage of total XP
 D = Non-vault monster count
 E = Vault monster count
 F = Vault count percentage of total count
                 A         B        C        D         E       F
            +---------+---------+-------+---------+---------+-------
      Total |      34 |      11 |  24.4 |      20 |       5 |  20.0
            +---------+---------+-------+---------+---------+-------
        D:1 |      34 |      11 |  24.4 |      20 |       5 |  20.0
            +---------+---------+-------+---------+---------+-------
